 Dungeon Crawl Stone Soup version 0.31-a0-1424-g2add1c7226 (webtiles) character file.

Game seed: 7600408930923620679

568217 Sobieck the Archmage (level 25, -24/142 HPs)
             Began as a Deep Elf Conjurer on Dec 25, 2023.
             Was the Champion of Sif Muna.
             Annihilated by a death cob (25 damage)
             ... on level 3 of the Realm of Zot on Dec 26, 2023.
             The game lasted 05:09:45 (96062 turns).

Sobieck the Archmage (Deep Elf Conjurer)           Turns: 96062, Time: 05:09:46

Health: -24/142    AC: 11    Str:  5    XL:     25   Next: 56%
Magic:  19/55      EV: 19    Int: 46    God:    Sif Muna [******]
Gold:   5938       SH:  0    Dex: 13    Spells: 18/78 levels left

rFire   + . .        A - staff of fire
rCold   . . .        (no shield)
rNeg    + + +        S - +1 robe of Wisdom {rPois rN++ Str-5 SInv}
rPois   +            l - +2 helmet
rElec   +            w - +2 cloak {Will+}
rCorr   .            z - +2 pair of gloves
SInv    +            G - +2 pair of boots
Will    +++..        y
                       - Hermit's Pendant {Faith Invo=14 Evo=0 MP+5}
Stlth   +++          g - ring "Asimp" {*Corrode rElec rN+ Str+6 Int+4}
HPRegen 0.43/turn    I - +6 ring of intelligence
MPRegen 0.34/turn

%: corrode self (3%), faith
@: marked, corroded, channelling, very slightly contaminated, slowed, studying 4
skills, very slow
A: low MP 1
}: 3/15 runes: decaying, serpentine, silver
a: Renounce Religion, Channel Magic, Forget Spell, Divine Exegesis


You were on level 3 of the Realm of Zot.
You worshipped Sif Muna.
Sif Muna was exalted by your worship.
You visited 11 branches of the dungeon, and saw 49 of its levels.

You collected 7989 gold pieces.
You spent 2051 gold pieces at shops.

Inventory:

Armour
 l - a +2 helmet (worn)
 w - a +2 cloak of willpower (worn)
 z - a +2 pair of gloves (worn)
 B - a +0 buckler of reflection
 G - a +2 pair of boots (worn)
 S - the +1 robe of Wisdom (worn) {rPois rN++ Str-5 SInv}
   (You found it on level 2 of the Lair of Beasts)

   Str-5:     It affects your strength (-5).
   rPois:     It protects you from poison rN++: It greatly protects you from
   negative energy.
   SInv:      It lets you see invisible.
 Z - an orb of energy
Magical Staves
 A - a staff of fire (weapon)
 N - a staff of conjuration
Jewellery
 f - the ring of Kufam {rF++ rN+ rCorr Str-2 SInv}
   (You found it on level 3 of the Crypt)

   [ring of positive energy]

   Str-2:     It affects your strength (-2).
   rF++:      It greatly protects you from fire.
   rN+:       It protects you from negative energy.
   SInv:      It lets you see invisible.
   rCorr:     It protects you from acid and corrosion.
 g - the ring "Asimp" (left hand) {*Corrode rElec rN+ Str+6 Int+4}
   (You bought it in a shop on level 1 of the Orcish Mines)

   [ring of strength]

   Str+6:     It affects your strength (+6).
   Int+4:     It affects your intelligence (+4).
   rElec:     It insulates you from electricity.
   rN+:       It protects you from negative energy.
   *Corrode:  It may corrode you when you take damage.
 o - the ring "Dyegh" {Fly MP+9}
   (You took it off a deep elf annihilator on level 3 of the Elven Halls)

   [ring of magical power]

   MP+9:      It affects your magic capacity (+9).
   Fly:       It grants you flight.
 u - a ring of wizardry
 y - the Hermit's Pendant (around neck) {Faith Invo=14 Evo=0 MP+5}
   (You found it on level 7 of the Dungeon)

   [amulet of faith]

   Invo=14: It sets your Invocations skill to 14.
   Evo=0: It sets your Evocations skill to 0.
   Faith:     It allows you to gain divine favour quickly.
   MP+5:      It affects your magic capacity (+5).
 F - the ring "Xumec" {^Contam rElec Str+4 Int+6 Dex+3}
   (You took it off a deep elf pyromancer on level 3 of the Elven Halls)

   [ring of intelligence]

   Str+4:     It affects your strength (+4).
   Int+6:     It affects your intelligence (+6).
   Dex+3:     It affects your dexterity (+3).
   rElec:     It insulates you from electricity.
   ^Contam:   It causes magical contamination when unequipped.
 I - a +6 ring of intelligence (right hand)
 K - the ring "Uvvusink" {rF+ Will+ Int+3 SInv}
   (You found it on level 14 of the Dungeon)

   [ring of protection from fire]

   Int+3:     It affects your intelligence (+3).
   rF+:       It protects you from fire.
   Will+:     It increases your willpower.
   SInv:      It lets you see invisible.
Wands
 a - a wand of acid (28)
 n - a wand of roots (70)
 x - a wand of polymorph (23)
 D - a wand of digging (23)
 E - a wand of charming (33)
Scrolls
 b - 8 scrolls of blinking
 c - 4 scrolls of enchant armour
 d - 4 scrolls of silence {!r}
 e - 7 scrolls of revelation
 h - 6 scrolls of vulnerability
 k - 8 scrolls of fear
 r - 6 scrolls of immolation
 J - 2 scrolls of torment
 L - 7 scrolls of fog
 R - 35 scrolls of identify
 T - 24 scrolls of teleportation
 W - 5 scrolls of enchant weapon
 X - 6 scrolls of summoning
Potions
 i - 2 potions of resistance
 j - 8 potions of mutation
 m - 7 potions of cancellation
 p - 3 potions of might
 q - 6 potions of brilliance
 s - 4 potions of attraction
 t - 13 potions of heal wounds
 v - 14 potions of ambrosia
 C - a potion of magic
 H - 4 potions of haste
 M - 10 potions of enlightenment
 P - 10 potions of lignification
 Q - 28 potions of curing
 V - a potion of invisibility
 Y - 5 potions of berserk rage
Miscellaneous
 O - a condenser vane
 U - a phial of floods


   Skills:
 + Level 10.2 Fighting
 + Level 15.4 Dodging
 - Level 5.0 Stealth
 O Level 27 Spellcasting
 - Level 24.0 Conjurations
 - Level 9.0 Hexes
 - Level 4.0 Translocations
 - Level 24.0 Fire Magic
 - Level 3.0 Air Magic
 - Level 24.0 Earth Magic
 - Level 5.0 Alchemy


You had 18 spell levels left.
You knew the following spells:

 Your Spells              Type           Power      Damage    Failure   Level
a - Orb of Destruction    Conj           68%        9d16      0%          7
b - Lehudib's Crystal Sp  Conj/Erth      68%        10d15     1%          8
c - Borgnjor's Vile Clut  Necr/Erth      53%        N/A       1%          5
d - Iskenderun's Mystic   Conj/Tloc      100%       2d19      0%          4
e - Irradiate             Conj/Alch      57%        3d30      0%          5
f - Blink                 Tloc           100%       N/A       1%          2
g - Swiftness             Air            74%        N/A       1%          3
A - Ignition              Fire           81%        3d21      1%          8
B - Fire Storm            Conj/Fire      81%        8d20      1%          9
C - Shatter               Erth           68%        3d50*     1%          9

Your spell library contained the following spells:

 Spells                   Type           Power      Damage    Failure   Level
 Foxfire                  Conj/Fire      100%       2x1d9     0%          1
 Kiss of Death            Conj/Necr      100%       2d13      0%          1
 Magic Dart               Conj           100%       1d8       0%          1
 Sandblast                Erth           100%       2d20      0%          1
 Shock                    Conj/Air       100%       1d9       0%          1
 Slow                     Hex            100%       N/A       0%          1
 Sting                    Conj/Alch      100%       1d9       0%          1
 Jinxbite                 Hex            100%       N/A       0%          2
 Momentum Strike          Conj/Tloc      100%       3d10      0%          2
 Passwall                 Alch/Erth      95%        N/A       0%          2
 Scorch                   Fire           100%       2d9       0%          2
 Searing Ray              Conj           100%       2d8       0%          2
 Static Discharge         Conj/Air       100%       3-8/arc   0%          2
 Confusing Touch          Hex            98%        N/A       0%          3
 Dazzling Flash           Conj/Hex       100%       N/A       0%          3
 Hailstorm                Conj/Ice       100%       3d16      0%          3
 Inner Flame              Hex/Fire       100%       N/A       0%          3
 Mephitic Cloud           Conj/Alch/Air  100%       N/A       0%          3
 Sigil of Binding         Hex            98%        N/A       0%          3
 Stone Arrow              Conj/Erth      100%       3d13      0%          3
 Tukima's Dance           Hex            98%        N/A       0%          3
 Volatile Blastmotes      Fire/Tloc      100%       2d18      0%          3
 Animate Armour           Summ/Erth      100%       N/A       0%          4
 Brom's Barrelling Bould  Conj/Erth      100%       2d11      0%          4
 Flame Wave               Conj/Fire      100%       2d21      0%          4
 Fulminant Prism          Conj/Alch      57%        3d24      0%          4
 Ignite Poison            Fire/Alch      100%       N/A       0%          4
 Leda's Liquefaction      Alch/Erth      57%        N/A       0%          4
 Petrify                  Alch/Erth      100%       N/A       0%          4
 Sticky Flame             Fire/Alch      100%       2d15      0%          4
 Fireball                 Conj/Fire      81%        3d30      0%          5
 Iskenderun's Battlesphe  Conj           100%       2d15      0%          5
 Lee's Rapid Deconstruct  Erth           68%        3d31*     0%          5
 Bombard                  Conj/Erth      68%        9d11      0%          6
 Starburst                Conj/Fire      81%        6d21      0%          6
 Apportation              Tloc           100%       N/A       1%          1
 Freeze                   Ice            100%       1d10      1%          1
 Necrotise                Necr           100%       1d9       1%          1
 Summon Small Mammal      Summ           100%       N/A       1%          1
 Call Imp                 Summ           100%       N/A       1%          2
 Cigotuvi's Dreadful Rot  Necr/Alch/Air  100%       N/A       1%          2
 Ensorcelled Hibernation  Hex/Ice        100%       N/A       1%          2
 Lesser Beckoning         Tloc           100%       N/A       1%          2
 Mercury Vapours          Alch/Air       100%       N/A       1%          2
 Sublimation of Blood     Necr           58%        N/A       1%          2
 Call Canine Familiar     Summ           58%        N/A       1%          3
 Frozen Ramparts          Ice            100%       1d16      1%          3
 Fugue of the Fallen      Necr           58%        N/A       1%          3
 Gell's Gravitas          Tloc           78%        N/A       1%          3
 Ozocubu's Armour         Ice            58%        N/A       1%          3
 Summon Guardian Golem    Hex/Summ       80%        N/A       1%          3
 Teleport Other           Tloc           78%        N/A       1%          3
 Vampiric Draining        Necr           58%        2d10      1%          3
 Airstrike                Air            37%        2d(6-22)  1%          4
 Anguish                  Hex/Necr       40%        N/A       1%          4
 Animate Dead             Necr           58%        N/A       1%          4
 Cause Fear               Hex            49%        N/A       1%          4
 Dimensional Bullseye     Hex/Tloc       44%        N/A       1%          4
 Dispel Undead            Necr           58%        3d21      1%          4
 Manifold Assault         Tloc           78%        N/A       1%          4
 Olgreb's Toxic Radiance  Alch           83%        N/A       1%          4
 Passage of Golubria      Tloc           78%        N/A       1%          4
 Summon Ice Beast         Ice/Summ       58%        N/A       1%          4
 Summon Lightning Spire   Summ/Air       66%        N/A       1%          4
 Vhi's Electric Charge    Tloc/Air       100%       N/A       1%          4
 Alistair's Intoxication  Alch           55%        N/A       1%          5
 Arcjolt                  Conj/Air       56%        1d66      1%          5
 Freezing Cloud           Conj/Ice/Air   49%        6-21      1%          5
 Metabolic Englaciation   Hex/Ice        40%        N/A       1%          5
 Silence                  Hex/Air        43%        N/A       1%          5
 Summon Mana Viper        Hex/Summ       80%        N/A       1%          5
 Yara's Violent Unravell  Hex/Alch       45%        3d18      1%          5
 Conjure Ball Lightning   Conj/Air       56%        3x3d20    1%          6
 Plasma Beam              Fire/Air       68%        2x1d84    1%          6
 Spellforged Servitor     Conj/Summ      53%        N/A       1%          7
 Summon Forest            Summ/Tloc      34%        N/A       2%          5
 Eringya's Noxious Bog    Alch           41%        4d6       4%          6
 Enfeeble                 Hex            49%        N/A       4%          7
 Agony                    Necr           58%        N/A       5%          5
 Dispersal                Tloc           39%        N/A       6%          6
 Death Channel            Necr           29%        N/A       30%         6
 Simulacrum               Ice/Necr       29%        N/A       30%         6
 Summon Cactus Giant      Summ           29%        N/A       30%         6
 Discord                  Hex            49%        N/A       32%         8
 Malign Gateway           Summ/Tloc      34%        N/A       58%         7
 Chain Lightning          Conj/Air       56%        3d74      63%         9
 Haunt                    Necr/Summ      29%        N/A       86%         7
 Monstrous Menagerie      Summ           29%        N/A       86%         7
 Ozocubu's Refrigeration  Ice            29%        4d13      86%         7
 Summon Hydra             Summ           29%        N/A       86%         7
 Disjunction              Tloc           39%        N/A       95%         8
 Maxwell's Capacitive Co  Air            37%        ∞         98%         8
 Borgnjor's Revivificati  Necr           29%        N/A       100%        8
 Infestation              Necr           29%        N/A       100%        8
 Summon Horrible Things   Summ           29%        N/A       100%        8
 Death's Door             Necr           29%        N/A       100%        9
 Dragon's Call            Summ           29%        N/A       100%        9
 Polar Vortex             Ice            29%        12d3*     100%        9


Dungeon Overview and Level Annotations

Branches:
Dungeon (15/15)            Temple (1/1) D:5            Lair (5/5) D:8
  Swamp (4/4) Lair:3        Snake (4/4) Lair:3        Slime (0/5) Lair:4
    Orc (2/2) D:12            Elf (3/3) Orc:2        Vaults (5/5) D:14
  Crypt (3/3) Vaults:3       Tomb (0/3) Crypt:3      Depths (4/4) D:15
    Zot (3/5) Depths:4

Altars:
Ashenzari
Cheibriados
Dithmenos
Elyvilon
Fedhas
Gozag
Hepliaklqana
Kikubaaqudgha
Makhleb
Nemelex Xobeh
Okawaru
Qazlal
Ru
Sif Muna
Trog
Uskayaw
Vehumet
Wu Jian
Xom
Yredelemnul
Zin
The Shining One
Jiyva
Lugonu

Shops:
D:3 *   D:6 *   D:14 *   Orc:1 =   Orc:2 (:=   Elf:1 !:   Snake:1 :==
Vaults:2 (   Vaults:5 (   Depths:2 *[:*   Depths:4 *

Portals:
Hell: Depths:1 Depths:2 Depths:3 Depths:4
Abyss: Lair:5 Depths:3
Pandemonium: Depths:2 Depths:4
Ziggurat: Depths:4
Trove: D:13 (give +8 demon blade)

Annotations:
Elf:2 3 runed translucent doors
Vaults:5 !Do not enter
Depths:3 exclusion: downstairs
Depths:4 3 runed translucent doors


Innate Abilities, Weirdness & Mutations

Your magical capacity is low. (-10% MP)


Message History

Confirm with . or Enter, or press ? or * to list all spells.
You feel a surge of power!
The air bursts into flame!
The fireball engulfs the electric golem!
The electric golem resists.
The electric golem is heavily damaged.
The fireball engulfs the moth of wrath!!!
The moth of wrath is almost dead.
The fireball engulfs the death cob!!!
The death cob is almost destroyed.
The death cob hits you but does no damage.
The moth of wrath bites you but does no damage.
The death cob hits you!! The death cob drains your vigour!
You feel yourself slow down.
The moth of wrath bites you but does no damage.
The death cob completely misses you. The death cob closely misses you.
The electric golem blinks!
The death cob hits you. The death cob drains your vigour!
You feel as though you will be slow longer.
The moth of wrath barely misses you.
A shadow dragon comes into view.
The death cob barely misses you.
Unknown command.
You hit the moth of wrath but do no damage.
You burn the moth of wrath!!
You kill the moth of wrath!
Sif Muna accepts your kill. The death cob hits you! The death cob hits you!!
The electric golem hurls lightning at you.
The bolt of lightning hits you. You resist.
A storm dragon comes into view.
The death cob barely misses you.
The shadow dragon breathes negative energy at you.
The bolt of negative energy misses you.
The electric golem hurls lightning at you.
The bolt of lightning hits you! You resist.
* * * LOW HITPOINT WARNING * * *
The death cob hits you!
* * * LOW HITPOINT WARNING * * *
The death cob drains your vigour!
You feel as though you will be slow longer.
The electric golem hurls lightning at you.
The bolt of lightning misses you.
A storm dragon comes into view.
Unknown command.
The death cob hits you!!
* * * LOW HITPOINT WARNING * * *
Your corrosive artefact corrodes you!
The death cob drains your vigour!
You feel as though you will be slow longer.
The death cob hits you!!
You die...

##.##.......)......~9.
##.....#.........⌠..~≈#
##.....#..<...D.v..).C≈#
##.....#.........#....~≈.
##....[#)DD.....#......~≈#
#..⌠..†..............[†~≈≈
#.....)..9...#....[))..~≈≈
##......#z...D...
##...###@...#.#⌠
##...#....## #####'#### ..
..8 ##.. ##+


You could see an electric golem, a shadow dragon (catching breath), 3 storm
dragons and a death cob.

Vanquished Creatures
  3 dread liches
  2 orbs of fire
  Mennas (Crypt:2)
  An ancient lich (Depths:3)
  A juggernaut (Depths:2)
  Bai Suzhen (Crypt:1)
  Xtahua (Depths:3)
  Vv (Zot:2)
  the Lernaean hydra (Swamp:4)
  Saint Roka (Snake:3)
  2 caustic shrikes (Depths:2)
  4 golden dragons
  The ghost of Nenuxulire the Victor of a Thousand Battles, a veteran GnWn of Okawaru (Depths:4)
  The ghost of Heg Cuhi the Slayer, an adept MiFi of Okawaru (Elf:1)
  Nikola (Swamp:2)
  Jory (Depths:4)
  A profane servitor (Crypt:3)
  2 bone dragons
  A shard shrike zombie (Crypt:2)
  12 tentacled monstrosities
  A walking crystal tome (Depths:3)
  3 deep elf blademasters (Elf:3)
  11 liches
  Mlioglotl (Snake:3)
  A deep elf master archer (Elf:3)
  A walking frostbound tome (Depths:3)
  The ghost of Vuskak the Phalangite, an adept HuBe of Trog (Snake:3)
  A walking earthen tome (Depths:3)
  6 quicksilver dragons
  A walking divine tome (Depths:2)
  4 sphinxes
  9 titans
  3 ancient champions
  5 death cobs
  The ghost of Patrick2011b the Markshuman, an adept HuIE of Ashenzari (Swamp:4)
  Aizul (Snake:1)
  A thorn hunter (Swamp:4)
  Agnes (Snake:3)
  3 revenants
  8 storm dragons
  5 nagarajas (Snake:4)
  13 shadow dragons
  10 tengu reavers
  3 fenstrider witches
  2 draconian monks (Zot:3)
  4 protean progenitors (Zot:1)
  6 fire giants
  2 draconian knights (Zot:3)
  2 draconian shifters
  An iron dragon (Depths:2)
  A ghost moth (Zot:3)
  15 vault wardens
  7 frost giants
  3 deep elf elementalists (Elf:3)
  8 deep elf sorcerers
  A juggernaut zombie (Crypt:3)
  3 caustic shrike zombies
  A curse skull (Crypt:2)
  4 very ugly things
  A reaper (Depths:4)
  2 orc warlords
  13 ghouls
  A spriggan defender (Depths:2)
  3 draconian annihilators
  A draconian stormcaller (Zot:2)
  4 ironbound thunderhulks
  2 formless jellyfish
  20 stone giants
  A caustic shrike skeleton (Crypt:1)
  A spectral titan (Depths:4)
  15 ironbound preservers
  4 vampire knights
  2 deep elf demonologists
  2 dire elephants
  4 black draconians
  A war gargoyle (Vaults:5)
  An eleionoma (Swamp:4)
  4 green draconians
  9 bunyips
  2 red draconians
  3 deep elf death magi
  2 white draconians (Depths:4)
  12 deep elf annihilators
  3 purple draconians (Zot:2)
  5 yellow draconians
  A lorocyproca (Depths:4)
  9 spark wasps
  Azrael (Orc:2)
  Snorg (Lair:5)
  10 eidola
  11 ettins
  An entropy weaver (Vaults:5)
  15 jiangshi
  A mummy priest (Crypt:3)
  15 yaktaur captains
  A spectral golden dragon (Depths:4)
  11 fire dragons
  A hell beast (Depths:2)
  3 great orbs of eyes
  34 vault guards
  A shambling mangrove (Swamp:1)
  2 salamander tyrants
  6 deep elf high priests
  11 ice dragons
  3 spriggan zombies (Crypt:3)
  9 spriggan air magi
  A juggernaut simulacrum (Crypt:1)
  Fannar (Lair:3)
  3 rakshasas
  33 hydras
  A peacekeeper (Vaults:3)
  2 ghost crabs
  3 ogre magi
  A sphinx zombie (Vaults:4)
  4 alligators
  7 boulder beetles
  9 ironbound frosthearts
  12 centaur warriors
  2 spectral tengu (Depths:4)
  9 anacondas
  8 death knights
  2 radroaches (Zot:1)
  8 two-headed ogres
  15 dancing weapons
  5 tengu warriors
  22 naga warriors
  8 deep troll shamans
  Urug (Lair:1)
  12 deep troll earth magi
  8 shock serpents
  An orc high priest (Elf:3)
  A shock serpent (shapeshifter) (Vaults:5)
  3 thrashing horrors (Lair:5)
  9 vampire magi
  9 spriggan berserkers
  7 spriggans
  11 naga sharpshooters
  4 hell knights
  A soul eater (D:9)
  8 deep elf knights
  A sixfirhy (Depths:4)
  4 skysharks
  A spectral storm dragon (Depths:4)
  8 iron trolls
  A fire crab (shapeshifter) (D:14)
  2 anaconda zombies (Crypt:3)
  3 shadow wraiths
  30 skeletal warriors
  Nergalle (D:12)
  A sun demon (Depths:2)
  3 salamander mystics
  2 glowing orange brains
  A death drake (Swamp:3)
  A deep troll (shapeshifter) (Elf:1)
  10 goliath frogs
  4 spriggan druids
  23 sea snakes
  A sea snake (shapeshifter) (Depths:2)
  47 deep trolls
  8 arcanists
  A glowing orange brain (shapeshifter) (Vaults:5)
  10 flayed ghosts
  A sun moth (shapeshifter) (Vaults:5)
  3 naga ritualists (Snake:4)
  25 phantasmal warriors
  3 harpies (Vaults:2)
  7 bog bodies
  A spectral iron dragon (Depths:4)
  22 ironbound convokers
  An orange crystal statue (Elf:1)
  Pikel (D:4)
  8 deep elf archers
  26 deep elf pyromancers
  9 swamp dragons
  A mana viper (shapeshifter) (Depths:3)
  11 orc knights
  A sphinx simulacrum (Depths:4)
  A lindwurm (shapeshifter) (Elf:2)
  A shadow dragon skeleton (Crypt:1)
  2 lindwurms
  9 necromancers
  A wolf spider (D:15)
  9 mana vipers
  24 deep elf zephyrmancers
  A manticore (D:14)
  4 orc sorcerers
  A salamander (shapeshifter) (Elf:1)
  3 will-o-the-wisps
  3 cyclopes
  45 ugly things
  11 elephants
  14 moths of wrath
  13 salamanders
  4 guardian serpents
  A human skeleton (Vaults:4)
  10 vault sentinels
  Joseph (D:7)
  5 kobold blastminers
  2 smoke demons (Lair:5)
  25 black mambas
  2 centaur zombies (Crypt:3)
  A gargoyle (D:14)
  A shock serpent skeleton (Crypt:2)
  An eye of devastation (Lair:4)
  21 naga magi
  3 torpor snails
  A cane toad (shapeshifter) (Depths:2)
  10 cane toads
  Maggie (D:6)
  A dire elephant skeleton (Crypt:1)
  7 komodo dragons
  5 centaur skeletons
  A komodo dragon (shapeshifter) (Vaults:5)
  3 rime drakes
  An unseen horror (D:11)
  18 freezing wraiths
  A kobold demonologist (D:13)
  28 yaktaurs
  A red draconian skeleton (Crypt:1)
  2 spectral glowing shapeshifters (Depths:4)
  A guardian mummy (Crypt:3)
  2 golden dragon simulacra (Depths:4)
  2 bloated husks (Swamp:1)
  3 tengu conjurers
  2 polar bears
  A harpy zombie (Crypt:3)
  A queen bee (D:10)
  Grinder (D:4)
  A merfolk (shapeshifter) (Vaults:5)
  10 hornets
  A hydra skeleton (Crypt:2)
  7 trolls
  11 tyrant leeches
  An ettin zombie (Crypt:3)
  2 raiju (Lair:5)
  17 blink frogs
  A wind drake (shapeshifter) (Lair:5)
  A glass eye (Lair:4)
  An iron dragon simulacrum (Depths:4)
  9 dream sheep
  20 slime creatures
  2 air elementals
  A vampire (D:13)
  11 wraiths
  2 spriggans (shapeshifter)
  Sigmund (D:4)
  A shadow (Crypt:3)
  A naga simulacrum (Crypt:1)
  12 water elementals
  A yak (shapeshifter) (Lair:5)
  64 yaks
  A ynoxinul (Lair:5)
  3 fire elementals
  6 wyverns
  2 ushabtiu (Crypt:3)
  26 vampire mosquitoes
  Eustachio (D:6)
  Grum (D:10)
  8 basilisks
  3 wargs
  2 chaos spawn
  An elf skeleton (Vaults:4)
  2 steam dragons
  A warg (shapeshifter) (Vaults:5)
  7 small abominations (Lair:5)
  Edmund (D:4)
  Menkaure (D:6)
  A swamp worm (shapeshifter) (Vaults:5)
  A merfolk zombie (Crypt:1)
  2 acid dragons
  3 naga zombies
  14 swamp worms
  44 nagas
  A cane toad zombie (Crypt:1)
  16 water moccasins
  A hornet zombie (Crypt:1)
  4 hell hounds
  An ice beast (D:6)
  A merfolk skeleton (Crypt:2)
  36 orc warriors
  9 swamp drakes
  A sky beast (D:7)
  3 boggarts (Vaults:2)
  42 centaurs
  9 ogres
  A centaur (shapeshifter) (Lair:5)
  A crocodile (shapeshifter) (Lair:5)
  19 wolves
  A dream sheep skeleton (Crypt:2)
  3 lemures (D:4)
  6 phantoms
  A human zombie (Vaults:4)
  3 kobold brigands
  16 bullfrogs
  A gnoll sergeant (D:9)
  An earth elemental (Elf:3)
  An elf zombie (Crypt:1)
  15 necrophages
  3 scorpions
  8 wyvern skeletons (Crypt:3)
  13 wights
  24 killer bees (D:10)
  4 howler monkeys
  10 electric eels
  A bullfrog zombie (Crypt:1)
  4 lava snakes
  2 hounds
  An iron imp (D:9)
  A jelly (D:7)
  A gnoll bouda (D:6)
  14 orc priests
  2 sleepcaps
  Crazy Yiuf (D:6)
  2 iguanas
  23 orc wizards
  10 gnolls
  7 adders
  A swamp drake zombie (Crypt:2)
  A swamp drake skeleton (Crypt:2)
  4 shadow imps
  13 white imps
  5 ufetubi
  A lava snake skeleton (Crypt:2)
  2 worms
  2 dart slugs
  75 orcs
  9 bats
  8 endoplasms
  6 giant cockroaches
  3 goblins
  9 hobgoblins
  11 jackals
  2 quokkas (D:1)
  5 ball pythons
  4 frilled lizards
  A hobgoblin skeleton (Crypt:1)
  18 kobolds
  5 rats
  3 aspiring fleshes (Zot:1)
2105 creatures vanquished.

Vanquished Creatures (collateral kills)
  A tentacled monstrosity (Depths:2)
  Zenata (Vaults:2)
  A deep elf master archer (Elf:3)
  A quicksilver dragon (Depths:2)
  A sphinx (Depths:3)
  A storm dragon (Zot:2)
  2 vault wardens
  A ghoul (Crypt:3)
  An ironbound preserver (Vaults:5)
  2 stone giants
  An ironbound thunderhulk (Vaults:4)
  A bunyip (Swamp:3)
  A white draconian (Zot:2)
  A yellow draconian (Zot:1)
  A spectral sphinx (Depths:4)
  A vault guard (Vaults:1)
  An alligator (Zot:1)
  A skeletal warrior (Crypt:2)
  A shadow dragon zombie (Crypt:3)
  A moth of wrath (Elf:1)
  A cane toad (shapeshifter) (Elf:1)
  2 yaktaurs (Vaults:2)
  A freezing wraith (Crypt:3)
  A hornet (shapeshifter) (Elf:1)
  An iron dragon simulacrum (Depths:4)
  2 slime creatures
  A water elemental (Depths:3)
  A wraith (Crypt:3)
  A spriggan (Depths:4)
  A vampire mosquito (Swamp:4)
  An orc warrior (Vaults:2)
  An orc wizard (Elf:3)
  An iguana (shapeshifter) (Elf:1)
  2 orcs (Elf:3)
  An aspiring flesh (Zot:1)
40 creatures vanquished.

Vanquished Creatures (others)
  An alligator (Swamp:1)
  A bloated husk (Swamp:2)
  547 fire vortices
  2 foxfires (Swamp:1)
  254 fulminant prisms
805 creatures vanquished.

Grand Total: 2950 creatures vanquished

Notes
Turn   | Place    | Note
-------+----------+-------------------------------------------
     0 | D:1      | Sobieck the Deep Elf Conjurer began the quest for the Orb.
     0 | D:1      | Reached XP level 1. HP: 10/10 MP: 6/6
    99 | D:1      | Reached skill level 1 in Hexes
   242 | D:1      | Reached XP level 2. HP: 15/15 MP: 5/8
   724 | D:1      | Learned a level 2 spell: Searing Ray
   829 | D:1      | Reached XP level 3. HP: 19/19 MP: 6/10
  1157 | D:2      | Reached skill level 4 in Spellcasting
  1469 | D:2      | Reached XP level 4. HP: 24/24 MP: 10/12
  2556 | D:3      | Reached skill level 3 in Hexes
  2659 | D:3      | Found Abaocuiw's General Store.
  2664 | D:3      | Bought 2 scrolls of identify for 56 gold pieces
  2664 | D:3      | Bought a scroll of teleportation for 42 gold pieces
  2892 | D:4      | Noticed Pikel
  2892 | D:4      | Noticed a lemure
  2914 | D:4      | Noticed an ogre
  2919 | D:4      | Killed an ogre
  2920 | D:4      | Reached skill level 5 in Spellcasting
  2920 | D:4      | Reached XP level 5. HP: 28/28 MP: 6/14
  3121 | D:4      | Reached XP level 6. HP: 32/32 MP: 5/16
  3224 | D:4      | Found a glowing silver altar of Zin.
  3322 | D:4      | Noticed Sigmund
  3335 | D:4      | Killed Sigmund
  3336 | D:4      | Reached skill level 6 in Spellcasting
  3336 | D:4      | Reached skill level 6 in Conjurations
  3362 | D:4      | Learned a level 4 spell: Fulminant Prism
  3402 | D:4      | Noticed Edmund
  3548 | D:4      | Killed Pikel
  3549 | D:4      | Reached skill level 7 in Spellcasting
  3549 | D:4      | Reached skill level 6 in Hexes
  3549 | D:4      | Reached XP level 7. HP: 5/36 MP: 6/19
  3707 | D:4      | Killed Edmund
  3708 | D:4      | Reached XP level 8. HP: 41/41 MP: 11/21
  4179 | D:4      | Noticed Grinder
  4190 | D:4      | Killed Grinder
  4191 | D:4      | Reached skill level 8 in Spellcasting
  4501 | D:5      | Entered Level 5 of the Dungeon
  4597 | D:5      | Noticed a troll
  4654 | D:5      | Found a bloodstained altar of Trog.
  4704 | D:5      | Learned a level 4 spell: Iskenderun's Mystic Blast
  4929 | D:5      | Killed a troll
  4930 | D:5      | Reached skill level 9 in Spellcasting
  5104 | D:5      | Found a sacrificial altar of Ru.
  5118 | D:5      | Found a shimmering blue altar of Sif Muna.
  5252 | D:5      | Found a staircase to the Ecumenical Temple.
  5270 | Temple   | Entered the Ecumenical Temple
  5632 | D:5      | Reached XP level 9. HP: 42/45 MP: 19/24
  5977 | D:6      | Reached skill level 9 in Hexes
  6013 | D:6      | Reached skill level 10 in Spellcasting
  6013 | D:6      | Reached skill level 9 in Conjurations
  6054 | D:6      | Noticed Eustachio
  6199 | D:6      | Reached skill level 11 in Spellcasting
  6296 | D:6      | Reached skill level 3 in Alchemy
  6380 | D:6      | Killed Eustachio
  6387 | D:6      | Learned a level 5 spell: Irradiate
  6470 | D:6      | Found a runed translucent door.
  6471 | D:6      | Noticed Crazy Yiuf
  6472 | D:6      | Noticed Menkaure
  7121 | D:6      | Noticed Maggie
  7122 | D:6      | Found Wotuin's Assorted Antiques.
  7129 | D:6      | Bought a scroll labelled MIXUENW SOTOH for 24 gold pieces
  7129 | D:6      | Bought a wavering iron ring for 120 gold pieces
  7129 | D:6      | Identified the ring "Ramyed" {rN++ Str+6 Int-5 Slay+4} (You
                  | bought it in a shop on level 6 of the Dungeon)
  7169 | D:6      | Killed Maggie
  7170 | D:6      | Reached XP level 10. HP: 50/50 MP: 15/27
  7434 | D:6      | Killed Crazy Yiuf
  7434 | D:6      | Killed Menkaure
  7588 | D:7      | Noticed Joseph
  7593 | D:7      | Killed Joseph
  8041 | D:7      | Found a shadowy altar of Dithmenos.
  8123 | D:7      | Found the Hermit's Pendant {Faith Invo=14 Evo=0 MP+5}
  8127 | D:7      | Reached skill level 12 in Conjurations
  8272 | D:5      | Became a worshipper of Sif Muna the Loreminder
  8485 | D:7      | Found a stormy altar of Qazlal.
  9078 | D:8      | Found a radiant altar of Vehumet.
  9087 | D:8      | Found a staircase to the Lair.
  9161 | D:8      | Noticed a tengu warrior
  9161 | D:8      | Noticed a tengu warrior
  9198 | D:8      | Killed a tengu warrior
  9199 | D:8      | Killed a tengu warrior
 10167 | D:9      | Reached * piety under Sif Muna
 10281 | D:9      | Noticed a soul eater
 10287 | D:9      | Reached XP level 11. HP: 54/54 MP: 15/28
 10289 | D:9      | Killed a soul eater
 10368 | D:9      | Learned a level 7 spell: Orb of Destruction
 10754 | D:9      | Noticed a two-headed ogre
 10765 | D:9      | Killed a two-headed ogre
 10867 | D:9      | Reached skill level 15 in Conjurations
 11055 | D:9      | Reached ** piety under Sif Muna
 11344 | D:10     | Entered Level 10 of the Dungeon
 11519 | D:10     | Noticed Grum
 11524 | D:10     | Killed Grum
 11655 | D:10     | Got the Handbook of the Mercurial Blaze
 12218 | D:10     | Reached *** piety under Sif Muna
 12443 | D:11     | Noticed a two-headed ogre
 12451 | D:11     | Killed a two-headed ogre
 13309 | D:11     | Noticed a two-headed ogre
 13315 | D:11     | Killed a two-headed ogre
 13316 | D:11     | Reached skill level 1 in Translocations
 13395 | D:11     | Reached skill level 3 in Stealth
 13647 | D:12     | Reached skill level 1 in Fighting
 13647 | D:12     | Reached skill level 3 in Dodging
 13759 | D:12     | Reached XP level 12. HP: 42/60 MP: 25/29
 13839 | D:12     | Found a staircase to the Orcish Mines.
 13873 | D:12     | Noticed Nergalle
 13977 | D:12     | Killed Nergalle
 14110 | D:12     | Noticed a two-headed ogre
 14114 | D:12     | Killed a two-headed ogre
 14240 | D:12     | Reached **** piety under Sif Muna
 14355 | D:12     | Reached skill level 3 in Translocations
 15152 | D:13     | Reached skill level 12 in Spellcasting
 15163 | D:13     | Reached skill level 3 in Fighting
 15852 | D:13     | Found a portal to a secret trove of treasure.
 15865 | D:13     | Noticed a centaur warrior
 15868 | D:13     | Reached skill level 1 in Fire Magic
 15878 | D:13     | Killed a centaur warrior
 15879 | D:13     | Reached skill level 6 in Dodging
 16016 | D:13     | Noticed a centaur warrior
 16020 | D:13     | Killed a centaur warrior
 16365 | D:13     | Learned a level 5 spell: Fireball
 16738 | D:13     | Noticed a centaur warrior
 16743 | D:13     | Killed a centaur warrior
 16744 | D:13     | Reached skill level 3 in Fire Magic
 16924 | D:14     | Noticed a centaur warrior
 16928 | D:14     | Killed a centaur warrior
 17044 | D:14     | Noticed a centaur warrior
 17047 | D:14     | Killed a centaur warrior
 17048 | D:14     | Reached skill level 13 in Spellcasting
 17048 | D:14     | Reached XP level 13. HP: 57/72 MP: 20/32
 17229 | D:14     | Found a broken altar of Ashenzari.
 17281 | D:14     | Identified the ring "Uvvusink" {rF+ Will+ Int+3 SInv}
 17832 | D:14     | Learned a level 3 spell: Swiftness
 18200 | D:13     | Reached skill level 1 in Air Magic
 18483 | D:14     | Reached skill level 14 in Spellcasting
 18694 | D:14     | Reached skill level 6 in Fire Magic
 18789 | D:14     | Reached skill level 9 in Dodging
 19316 | D:14     | Reached skill level 3 in Air Magic
 19562 | D:14     | Found a gate to the Vaults.
 19618 | D:14     | Found Xiewkeb's Fire Supplies.
 19668 | D:15     | Entered Level 15 of the Dungeon
 19915 | Lair:1   | Entered Level 1 of the Lair of Beasts
 20182 | Lair:1   | Noticed Urug
 20598 | Lair:1   | Reached ***** piety under Sif Muna
 20815 | Lair:1   | Killed Urug
 20816 | Lair:1   | Reached XP level 14. HP: 68/78 MP: 17/34
 20971 | Lair:1   | Reached skill level 15 in Spellcasting
 22117 | Lair:2   | Reached skill level 9 in Fire Magic
 22317 | Lair:2   | Received a gift from Sif Muna
 22318 | Lair:2   | Got Sif Muna's Vademecum on the Grave and Conjuration {god
                  | gift}
 22476 | Lair:2   | Learned a level 5 spell: Freezing Cloud
 22490 | Lair:2   | Identified the +1 robe of Wisdom {rPois rN++ Str-5 SInv}
 23719 | Lair:3   | Noticed Fannar
 23726 | Lair:3   | Killed Fannar
 23993 | Lair:3   | Reached skill level 12 in Fire Magic
 24519 | Lair:3   | Received a gift from Sif Muna
 24953 | Lair:3   | Found a runed translucent door.
 25499 | Lair:3   | Found a staircase to the Swamp.
 25594 | Lair:3   | Found a staircase to the Snake Pit.
 26050 | Lair:4   | Found a staircase to the Slime Pits.
 26050 | Lair:4   | Found a viscous altar of Jiyva.
 26636 | Lair:4   | Reached XP level 15. HP: 82/82 MP: 30/36
 27157 | Lair:5   | Entered Level 5 of the Lair of Beasts
 27325 | Lair:5   | Noticed Nessos
 27328 | Lair:5   | Nessos changed into Nessos the swamp dragon
 27328 | Lair:5   | Noticed Nessos
 27534 | Lair:4   | Reached skill level 15 in Fire Magic
 27725 | Lair:5   | Noticed Snorg
 27732 | Lair:5   | Killed Snorg
 27742 | Lair:5   | Killed Nessos the swamp dragon
 27921 | Lair:5   | Received a gift from Sif Muna
 28216 | Lair:5   | Found the +4 robe of Folly {Brill Will-∞ Int+8}
 29370 | Lair:5   | Found a corrupted altar of Lugonu.
 29540 | Lair:5   | Found a one-way gate to the infinite horrors of the Abyss.
 30011 | Orc:1    | Entered Level 1 of the Orcish Mines
 30021 | Orc:1    | Learned a level 8 spell: Ignition
 30041 | Orc:1    | Received a gift from Sif Muna
 30042 | Orc:1    | Got Sif Muna's Handbook of Wild Ouranomancy {god gift}
 30075 | Orc:1    | Learned a level 6 spell: Starburst
 30518 | Orc:1    | Found Gemad's Jewellery Boutique.
 30581 | Orc:1    | Bought the ring "Asimp" {*Corrode rElec rN+ Str+6 Int+4}
                  | for 855 gold pieces
 30613 | Orc:2    | Entered Level 2 of the Orcish Mines
 30926 | Orc:2    | Found a staircase to the Elven Halls.
 31501 | Orc:2    | Found Xiuluniwyi's Book Boutique.
 31503 | Orc:2    | Found Ruuliute's Jewellery Shop.
 31505 | Orc:2    | Found Ymneit's Antique Weapon Emporium.
 31651 | Orc:2    | Noticed Azrael
 31656 | Orc:2    | Killed Azrael
 31957 | Orc:2    | Received a gift from Sif Muna
 32541 | D:15     | Reached skill level 18 in Fire Magic
 32821 | D:15     | Found a staircase to the Depths.
 33347 | D:15     | Found an ornate altar of the Wu Jian Council.
 33433 | D:15     | Reached XP level 16. HP: 87/87 MP: 3/37
 33972 | Snake:1  | Entered Level 1 of the Snake Pit
 34383 | Snake:1  | Identified a scroll of acquirement
 34386 | Lair:3   | Acquired 1190 gold pieces
 35062 | Snake:1  | Reached skill level 16 in Spellcasting
 35222 | Snake:1  | Identified the serpent talisman of a volcano {rC+ MP+9
                  | Int-3}
 35222 | Snake:1  | Noticed Aizul
 35228 | Snake:1  | Killed Aizul
 35229 | Snake:1  | Received a gift from Sif Muna
 35233 | Snake:1  | Got Sif Muna's Secrets of the Sky and the Coals {god gift}
 35521 | Snake:1  | Found Xataethu's Jewellery Shop.
 35522 | Snake:1  | Found Gudwisuv's Book Shoppe.
 35523 | Snake:1  | Found Soeriff's Jewellery Shop.
 35532 | Snake:1  | Bought a ring of wizardry for 450 gold pieces
 35555 | Snake:1  | Learned a level 9 spell: Fire Storm
 36023 | Snake:2  | Reached skill level 17 in Spellcasting
 37357 | Snake:3  | Reached skill level 18 in Conjurations
 37568 | Snake:3  | Received a gift from Sif Muna
 37574 | Snake:3  | Got Sif Muna's Precepts of Galvanic Contamination {god
                  | gift}
 38061 | Snake:3  | Found a transporter.
 38184 | Snake:3  | Noticed Mlioglotl
 38203 | Snake:3  | Killed Mlioglotl
 38274 | Snake:3  | Found a transporter.
 38405 | Snake:3  | Noticed Agnes
 38408 | Snake:3  | Killed Agnes
 38969 | Snake:3  | Noticed Saint Roka
 39147 | Snake:3  | Killed Saint Roka
 39162 | Snake:3  | Reached XP level 17. HP: 47/92 MP: 25/40
 39434 | Snake:3  | Found a runed translucent gate.
 39435 | Snake:3  | Found a runed translucent gate.
 39436 | Snake:3  | Found a runed translucent gate.
 39437 | Snake:3  | Noticed Vuskak's ghost (adept HuBe)
 40036 | Snake:4  | Entered Level 4 of the Snake Pit
 42457 | Snake:4  | Received a gift from Sif Muna
 43015 | Snake:4  | Reached skill level 21 in Conjurations
 43367 | Snake:4  | Got a serpentine rune of Zot
 43620 | Swamp:1  | Entered Level 1 of the Swamp
 45174 | Swamp:2  | Received a gift from Sif Muna
 45175 | Swamp:2  | Got Sif Muna's Vellum of Injurious Detritus {god gift}
 45204 | Swamp:2  | Reached skill level 21 in Fire Magic
 45561 | Swamp:1  | Reached XP level 18. HP: 71/96 MP: 36/41
 46015 | Swamp:2  | Noticed Nikola
 46021 | Swamp:2  | Killed Nikola
 47939 | Swamp:4  | Entered Level 4 of the Swamp
 48182 | Swamp:4  | Received a gift from Sif Muna
 49304 | Swamp:4  | Noticed the 27-headed Lernaean hydra
 49352 | Swamp:4  | Killed the 27-headed Lernaean hydra
 49921 | Swamp:4  | Got a decaying rune of Zot
 50140 | Swamp:4  | Identified the +1 halberd "Beozuq" {freeze, rElec Dex+2}
 50272 | Swamp:4  | Found a runed translucent gate.
 50272 | Swamp:4  | Found a runed translucent gate.
 50273 | Swamp:4  | Found a runed translucent gate.
 50275 | Swamp:4  | Noticed Patrick2011b's ghost (adept HuIE)
 51025 | Elf:1    | Entered Level 1 of the Elven Halls
 51247 | Elf:1    | Found Oti Hen's Book Boutique.
 51867 | Elf:1    | Received a gift from Sif Muna
 52836 | Elf:1    | Found Qiaxytro's Distillery.
 52928 | Elf:1    | Noticed Heg Cuhi's ghost (adept MiFi)
 52936 | Elf:1    | Found a transporter.
 53204 | Elf:1    | Found a transporter.
 53270 | Elf:1    | Found a runed translucent gate.
 53270 | Elf:1    | Found a runed translucent gate.
 53270 | Elf:1    | Found a runed translucent gate.
 53318 | Elf:1    | Identified the staff of the Ship {rElec Dex+4 Air}
 53697 | Elf:2    | Reached XP level 19. HP: 100/100 MP: 30/42
 54322 | Elf:2    | Found a runed translucent gate.
 54323 | Elf:2    | Found a runed translucent gate.
 54323 | Elf:2    | Found a runed translucent gate.
 54433 | Elf:2    | Received a gift from Sif Muna
 54613 | Elf:3    | Entered Level 3 of the Elven Halls
 56029 | Elf:3    | Identified the +7 spear of Magnificence {freeze, Int+2}
 56029 | Elf:3    | Identified the ring "Dyegh" {Fly MP+9}
 56031 | Elf:3    | Reached skill level 18 in Spellcasting
 56076 | Elf:3    | Identified the +1 ice dragon scales of the Ward {rPois rF-
                  | rC++}
 56076 | Elf:3    | Identified the amulet "Tuihunur" {Spirit MP+9}
 56262 | Elf:3    | Reached skill level 19 in Spellcasting
 56323 | Elf:3    | Identified the ring "Xumec" {^Contam rElec Str+4 Int+6
                  | Dex+3}
 56410 | Elf:3    | Identified the +8 dagger of the Bruised Lovers {heavy,
                  | Str+3}
 56610 | Elf:3    | Identified the +6 dagger of Resourcefulness {venom, rCorr
                  | Str+6 Dex+6}
 56667 | Elf:3    | Received a gift from Sif Muna
 56668 | Elf:3    | Got Sif Muna's Directory of the Escort and the Panacea {god
                  | gift}
 57051 | Elf:3    | Identified the staff of the Spider Nest {rN+ Int+4 SInv
                  | Necro}
 57054 | Elf:3    | Identified the granite talisman of Purpose {Fly rF- rC+
                  | Slay+3}
 57264 | Vaults:1 | Entered Level 1 of the Vaults
 58572 | Vaults:1 | Received a gift from Sif Muna
 58573 | Vaults:1 | Got Sif Muna's Collected Works on the Graveyard and
                  | Esoterica {god gift}
 60090 | Vaults:2 | Reached XP level 20. HP: 106/106 MP: 14/45
 60168 | Vaults:2 | Reached skill level 1 in Earth Magic
 60328 | Vaults:2 | Found Qicuxzit's Weapon Boutique.
 60507 | Vaults:2 | Noticed Zenata
 60514 | Vaults:2 | Killed Zenata
 60820 | Vaults:2 | Received a gift from Sif Muna
 60960 | Vaults:2 | Reached skill level 24 in Conjurations
 60960 | Vaults:2 | Reached skill level 24 in Fire Magic
 60980 | Vaults:2 | Reached skill level 3 in Earth Magic
 61672 | Vaults:2 | Reached skill level 6 in Earth Magic
 62037 | Vaults:3 | Identified the +0 scale mail of Responsibility {+Inv rC-
                  | Regen+}
 62311 | Vaults:3 | Received a gift from Sif Muna
 62773 | Vaults:3 | Reached skill level 9 in Earth Magic
 63780 | Vaults:3 | Found a staircase to the Crypt.
 63780 | Vaults:3 | Found a basalt altar of Yredelemnul.
 63780 | Vaults:3 | Found an ancient bone altar of Kikubaaqudgha.
 63959 | Vaults:4 | Received a gift from Sif Muna
 64666 | Vaults:4 | Reached skill level 12 in Earth Magic
 64894 | Vaults:4 | Upgraded the game from 0.31-a0-1405-g2bb1a01664 to
                  | 0.31-a0-1424-g2add1c7226
 65227 | Vaults:4 | Got the Book of Black Words
 65586 | Vaults:4 | Received a gift from Sif Muna
 65587 | Vaults:4 | Got Sif Muna's Guidebook on Radiant Bewitchment {god gift}
 65756 | Vaults:4 | Reached XP level 21. HP: 110/110 MP: 41/46
 66295 | Depths:1 | Entered Level 1 of the Depths
 66807 | Depths:1 | Learned a level 8 spell: Lehudib's Crystal Spear
 67705 | Depths:1 | You fall into a shaft and drop 1 floor!
 67706 | Depths:2 | Noticed a juggernaut
 67744 | Depths:2 | Reached skill level 15 in Earth Magic
 67883 | Depths:2 | Killed a juggernaut
 68517 | Depths:1 | Found a gateway to Hell.
 69067 | Depths:2 | Found a glowing silver altar of Zin.
 69417 | Depths:2 | Found a one-way gate leading to the halls of Pandemonium.
 69821 | Depths:2 | Noticed a caustic shrike
 69850 | Depths:2 | Received a gift from Sif Muna
 69852 | Depths:2 | Killed a caustic shrike
 69985 | Depths:2 | Noticed a caustic shrike
 69987 | Depths:2 | Killed a caustic shrike
 70862 | Depths:2 | Reached skill level 18 in Earth Magic
 71257 | Depths:2 | Found Dot Sal's General Store.
 71257 | Depths:2 | Found Pouciex's Book Boutique.
 71258 | Depths:2 | Found Qowur's General Store.
 71258 | Depths:2 | Found Xoclus's Antique Armour Shop.
 71562 | Depths:2 | Bought a potion of brilliance for 56 gold pieces
 71562 | Depths:2 | Bought a potion of enlightenment for 70 gold pieces
 71562 | Depths:2 | Bought a scroll of revelation for 105 gold pieces
 71847 | Depths:2 | Learned a level 5 spell: Borgnjor's Vile Clutch
 72216 | Depths:2 | Received a gift from Sif Muna
 72217 | Depths:2 | Got Sif Muna's Omnibus of the Unholy Bonfire {god gift}
 72346 | Depths:2 | Reached XP level 22. HP: 115/115 MP: 42/47
 72868 | Depths:2 | Learned a level 9 spell: Shatter
 73315 | Depths:3 | Noticed Xtahua
 73796 | Depths:3 | Noticed a golden dragon
 73983 | Depths:3 | Killed Xtahua
 74400 | Depths:3 | Killed a golden dragon
 74837 | Depths:3 | Noticed an ancient lich
 74839 | Depths:3 | Killed an ancient lich
 74937 | Depths:3 | Received a gift from Sif Muna
 74938 | Depths:3 | Reached skill level 21 in Earth Magic
 75263 | Depths:3 | Found a shimmering blue altar of Sif Muna.
 75593 | Depths:4 | Entered Level 4 of the Depths
 75597 | Depths:4 | Noticed Jory
 75812 | Depths:4 | Found Wuylanaq's General Store.
 76206 | Depths:4 | Bought a potion of enlightenment for 105 gold pieces
 76206 | Depths:4 | Bought a potion of enlightenment for 105 gold pieces
 76206 | Depths:4 | Bought a scroll of teleportation for 63 gold pieces
 76269 | Depths:4 | Noticed a dread lich
 76273 | Depths:4 | Killed a dread lich
 76278 | Depths:4 | Noticed Nenuxulire's ghost (veteran GnWn)
 76524 | Depths:4 | Reached ****** piety under Sif Muna
 76552 | Depths:4 | Noticed a golden dragon
 76697 | Depths:4 | Killed a golden dragon
 77349 | Depths:4 | Killed Nenuxulire's ghost
 77629 | Depths:4 | Found a gate to the Realm of Zot.
 77791 | Depths:4 | Found a one-way gateway to a ziggurat.
 77795 | Depths:4 | Killed Jory
 77994 | Depths:4 | Received a gift from Sif Muna
 78251 | Depths:4 | Found a runed translucent gate.
 78251 | Depths:4 | Found a runed translucent gate.
 78251 | Depths:4 | Found a runed translucent gate.
 79067 | Swamp:4  | Killed Patrick2011b's ghost
 79068 | Swamp:4  | Reached XP level 23. HP: 101/120 MP: 28/48
 79379 | Snake:3  | Killed Vuskak's ghost
 79884 | Snake:3  | Identified the ring of Equivalence {rC+ rN+ Dex+3 Slay+3}
 79897 | Snake:3  | Identified the ring "Wiklet" {Fire Will+}
 79903 | Snake:3  | Identified the ring of Ulaigef {Fire Int+4}
 80756 | Elf:1    | Killed Heg Cuhi's ghost
 80870 | Elf:1    | Identified the -2 helmet of Tiolep {^Drain rPois Stlth+}
 80879 | Elf:1    | Identified the ring of Hufuddoe {Fly rElec rF- Int+6 SInv}
 81187 | Crypt:1  | Entered Level 1 of the Crypt
 81299 | Crypt:1  | Received a gift from Sif Muna
 81300 | Crypt:1  | Got Acsamm's Secrets of the Floating Mob {god gift}
 81420 | Crypt:1  | Reached skill level 24 in Earth Magic
 82189 | Crypt:1  | Reached skill level 20 in Spellcasting
 82438 | Crypt:1  | Noticed Bai Suzhen
 82660 | Crypt:1  | Killed Bai Suzhen
 83105 | Crypt:2  | Noticed Mennas
 83107 | Crypt:2  | Killed Mennas
 83107 | Crypt:2  | Received a gift from Sif Muna
 83108 | Crypt:2  | Got Sif Muna's Spellweaving, Part Seven {god gift}
 83397 | Crypt:2  | Reached skill level 21 in Spellcasting
 83878 | Crypt:2  | Noticed a dread lich
 83882 | Crypt:2  | Killed a dread lich
 84044 | Crypt:2  | Reached skill level 6 in Fighting
 85047 | Crypt:3  | Entered Level 3 of the Crypt
 85256 | Crypt:3  | Received a gift from Sif Muna
 85257 | Crypt:3  | Got Sif Muna's Catalogue of the Pit {god gift}
 85912 | Crypt:3  | Reached skill level 12 in Dodging
 85953 | Crypt:3  | Learned a level 2 spell: Blink
 87070 | Crypt:3  | Reached skill level 22 in Spellcasting
 87176 | Crypt:3  | Reached XP level 24. HP: 130/130 MP: 11/51
 87762 | Crypt:3  | Found a staircase to the Tomb.
 88306 | Crypt:3  | Found the +7 great mace "Undeadhunter" {deathbane, rN+}
 88420 | Crypt:3  | Found a basalt altar of Yredelemnul.
 88803 | Crypt:3  | Identified the ring of False Pretenses {rN+ Dex+5}
 88803 | Crypt:3  | Identified the ring of Qyiz {rN+ Str+4 Dex+2 SInv}
 88803 | Crypt:3  | Identified the ring of Kufam {rF++ rN+ rCorr Str-2 SInv}
 88939 | Crypt:3  | Reached skill level 23 in Spellcasting
 89356 | Vaults:5 | Entered Level 5 of the Vaults
 89374 | Vaults:5 | Reached skill level 24 in Spellcasting
 89380 | Vaults:5 | Noticed a dread lich
 89764 | Vaults:5 | Killed a dread lich
 89765 | Vaults:5 | Reached skill level 25 in Spellcasting
 90035 | Vaults:5 | Identified the +7 long sword of Duty {distort, Int+3 Dex+4}
 90045 | Vaults:5 | Reached skill level 9 in Fighting
 90238 | Vaults:5 | Identified the +3 short sword of Silly Responsibility
                  | {venom, rPois Dex+3}
 90281 | Vaults:5 | Got a silver rune of Zot
 90450 | Vaults:5 | Found Offashru's Weapon Shoppe.
 90450 | Vaults:5 | Found the +3 pair of seven-league boots {Rampage+∞}
 90494 | Vaults:5 | Identified the +6 morningstar "Xuzxuz" {vamp, rF+ Str+3}
 90690 | Vaults:5 | Identified the +11 great sword of Viuh Supt {pain, rC+
                  | Int+4}
 90757 | Vaults:5 | Identified the +5 flail "Zireij" {freeze, rElec rC+ rN+}
 90898 | Vaults:5 | Identified the +8 shortbow of Untruth {elec, rF+}
 91457 | Zot:1    | Entered Level 1 of the Realm of Zot
 91481 | Zot:1    | Reached XP level 25. HP: 140/140 MP: 22/54
 91637 | Zot:1    | Noticed an orb of fire
 91641 | Zot:1    | Killed an orb of fire
 91799 | Zot:1    | Reached skill level 26 in Spellcasting
 92472 | Zot:1    | Identified the +3 flail "Beural" {heavy, Str+5}
 93885 | Zot:2    | Noticed Vv
 93888 | Zot:2    | Killed Vv
 93889 | Zot:2    | Reached skill level 27 in Spellcasting
 95568 | Zot:3    | Noticed an orb of fire
 95569 | Zot:3    | Gained mutation: Your magical capacity is low. (-10% MP)
                  | [an orb of fire]
 95574 | Zot:3    | Killed an orb of fire
 95575 | Zot:3    | Reached skill level 15 in Dodging
 96062 | Zot:3    | HP: 1/142 [death cob (20)]
 96062 | Zot:3    | Annihilated by a death cob

Illustrated notes

Levels and vault maps discovered:
D:1:      dpeg_arrival_boxorama, layout_basic
D:2:      cheibrodos_old_hovel, layout_basic, minmay_circled_x
D:3:      layout_rooms, serial_shops, shop, serial_bayou_lagoon_a,
          minmay_close_crescents
D:4:      layout_loops_cross, general_overflow_altar,
          corexii_item_surrounded_by_moat, nicolae_elevator_lobby_plus,
          uniq_sigmund, uniq_pikel, uniq_grinder, uniq_edmund
D:5:      layout_basic, trog_book, mainiacjoe_overflow_catwalk_spiral,
          minmay_temple_entry_trees
D:6:      layout_loops_ring, serial_shops, nicolae_shop_crystal,
          minmay_fractal_squares_diagonal_5, uniq_eustachio, uniq_maggie,
          uniq_crazy_yiuf_cottage, uniq_menkaure
D:7:      layout_basic, grunt_dithmenos_smoke_and_mirrors,
          mainiacjoe_overflow_six_doors_small, uniq_joseph
D:8:      layout_basic, vehumet_crystals, lair_entry_dummy
D:9:      layout_basic, nicolae_demonic_statue_gallery
D:10:     layout_roguey [special_room_bee], uniq_grum
D:11:     layout_stronghold, portal_ice_cave_entry_imps,
          david_defended_altar_orc
D:12:     layout_rooms, orc_0_dummy, beargit_elvish_explorers, uniq_nergalle
D:13:     layout_irregular_city, enter_trove_0
D:14:     layout_roguey, hangedman_vaults_entry_quadrant_bands,
          ashenzari_conservatory_becter, nicolae_shop_fire_sale
          [nicolae_sub_dead_trees]
D:15:     hangedman_depths_entry_try_elsewhere_first, layout_irregular_city,
          nzn_wu_jian_contemplation
Temple:   eino_wide_crystal_templ
Lair:1:   layout_layer_cave, serial_bayou_shore_a, grunt_megastairs_4, uniq_urug
Lair:2:   layout_roguey, pond
Lair:3:   layout_cave_pods, swamp_mist, nicolae_snake_entry_warm_welcome,
          pf_torpor_hydra, grunt_megastairs_5, uniq_fannar
Lair:4:   layout_gridlike, minmay_slime_entry_eyes, gauntlet_entry_generic,
          minivault_24, serial_bayou_pond_b, hangedman_lair_generics_rect
Lair:5:   hellmonk_lair_end_abyssal_woods, layout_gridlike, enter_volcano_4,
          dreamdust_deal_with_the_devil, grunt_megastairs_3, uniq_nessos,
          uniq_snorg
Swamp:1:  nicolae_swamp_ascending_descending, layout_basic_swamp,
          serial_swamp_ruin, evilmike_swamp_ruin_house_1,
          evilmike_swamp_ruin_house_4, evilmike_swamp_ruin_house_5
Swamp:2:  layout_basic_swamp, hangedman_swamp_ruin_hall, uniq_nikola
Swamp:3:  layout_basic_swamp, evilmike_swamp_ruin_wall
Swamp:4:  swamp_basic_johnstein, layout_basic_swamp, gammafunk_ghost_split,
          swamp_pool_4, nicolae_swamp_catching_bugs
Snake:1:  layout_gridlike, serial_bayou_lake_a, minmay_shop_grove, uniq_aizul
Snake:2:  layout_basic
Snake:3:  gammafunk_its_a_trap, layout_basic, ebering_ghost_rock_garden,
          uniq_agnes, uniq_saint_roka, uniq_mlioglotl
Snake:4:  minmay_snake_end_coiled, layout_basic
Orc:1:    layout_caves, serial_shops, shop
Orc:2:    st_orc_rangers, layout_caves, nicolae_orc_flooded_monolith,
          uniq_azrael
Elf:1:    minmay_elf_arrival_summoners, layout_geoelf_diagonals,
          gammafunk_ghost_berserking_beasts, serial_shops, shop,
          nicolae_square_shop, minmay_elf_sorcery, minivault_16,
          nicolae_concentric_dashed_squares_wild, nicolae_elf_hall_of_bonks
Elf:2:    nicolae_elf_blades_splatter_lattice [nicolae_blade_tridents],
          layout_geoelf_grid
Elf:3:    minmay_elf_hall_statues, layout_loops_cross, serial_aquarium,
          aquarium_bridge_long_joined [aquarium_subvault_wall,
          aquarium_subvault_wall, aquarium_subvault_bridge,
          aquarium_subvault_window, aquarium_subvault_wall,
          aquarium_subvault_wall], aquarium_bridge_square
          [aquarium_subvault_wall, aquarium_subvault_bridge,
          aquarium_subvault_wall, aquarium_subvault_wall], aquarium_window_fake,
          aquarium_window_1, aquarium_window_1, aquarium_view_2c,
          aquarium_view_2d, aquarium_pool_double
Vaults:1: v_misc_1, nicolae_vaults_meiosis, nicolae_vaults_hexular_roomagon,
          hangedman_vaults_trim, nicolae_vaults_apartment_1,
          nicolae_vaults_trapezoid_1, vaults_room_grunt_arrival_ludios,
          nicolae_vaults_two_Ls, nicolae_vaults_tetromino_Z_1,
          layout_vaults_omnigrid
Vaults:2: hangedman_vaults_corner, vaults_room_corners, v_misc_15,
          nicolae_vaults_cornered_office, ontoclasm_vaults_gateway,
          dpeg_vaults_monster_row, v_misc_17,
          nicolae_vaults_taking_the_gang_shopping,
          nicolae_vaults_little_squares_2, nicolae_vaults_surprise_closet_hard,
          nicolae_vaults_trapezoid_layered, vaults_dpeg_hooks, v_misc_3,
          layout_vaults_maze_bifur, uniq_zenata
Vaults:3: nicolae_vaults_storage_closets_1, v_misc_30, hangedman_vaults_cutoff,
          vaults_dpeg_ring, v_misc_22, nicolae_vaults_angled_halls,
          vaults_room_grunt_arrival_checkpoint, minmay_crypt_entry_necro_gods,
          vaults_room_semicircle, layout_vaults_big_room
Vaults:4: nicolae_vaults_cornered_office, nicolae_vaults_library_corner,
          nicolae_vaults_storage_closets_2, nicolae_vaults_trapezoid_2,
          vaults_dpeg_encased_lava, vaults_mumra_lcd, hangedman_vaults_nails,
          nicolae_vaults_three_branches, nicolae_vaults_trapezoid_lopsided_1,
          nicolae_vaults_network_periphery, nicolae_vaults_apartment_1,
          layout_vaults_big_cross
Vaults:5
Crypt:1:  layout_gridlike, item_on_display_a, uniq_bai_suzhen
Crypt:2:  layout_misc_corridors, uniq_mennas
Crypt:3:  evilmike_haunted_forest
Depths:1: layout_gridlike, pf_hell_entry_tar_spiral, kennysheep_generic_room_12,
          grunt_megastairs_1
Depths:2: hangedman_box_tower, layout_gridville, grunt_hell_entry_dis_old,
          rand_demon_pan_entry_7, zin_angel
Depths:3: minmay_textured_paths, layout_cave_pools, abyss_entry, hell_entry,
          tgw_sif, uniq_xtahua
Depths:4: grunt_zot_entry_gee_three, layout_long_grid, enter_ziggurat_d,
          gammafunk_ghost_necromancy, pf_coc_iceberg, serial_shops,
          nicolae_shop_rolling_square, rand_demon_pan_entry_3,
          serial_bayou_shore_b, uniq_jory
Zot:1:    layout_cathedral_of_symmetry, st_large_dragon_hoard_1
Zot:2:    layout_basic, regret_index_zotdec_banners, uniq_vv
Zot:3:    minmay_elemental_castle, layout_onion_interference,
          regret_index_zotdec_icy_dp, grunt_ministairs_5,
          regret_index_zotdec_split_disrupt

Skill      XL: |  1  2  3  4  5  6  7  8  9 10 11 12 13 14 15 16 17 18 19 20 21 22 23 24 25 |
---------------+----------------------------------------------------------------------------+-----
Hexes          | 1 2 3 4 6 8 9 |  9.0
Spellcasting   | 4 5 7 9 11 13 14 15 17 19 22 25 27 | 27.0
Conjurations   | 5 7 8 10 14 17 19 21 23 24 | 24.0
Alchemy        | 5 |  5.0
Translocations | 1 4 |  4.0
Stealth        | 3 5 |  5.0
Fighting       | 1 4 5 7 9 10 | 10.2
Dodging        | 3 7 10 12 14 15 | 15.4
Fire Magic     | 3 7 14 18 19 21 22 23 24 | 24.0
Air Magic      | 3 |  3.0
Earth Magic    | 13 19 23 24 | 24.0

Action                     |  1- 3 |  4- 6 |  7- 9 | 10-12 | 13-15 | 16-18 | 19-21 | 22-24 | 25-27 || total
---------------------------+-------+-------+-------+-------+-------+-------+-------+-------+-------++-------
  Melee: Staff             |       |       |       |     2 |     1 |     2 |       |       |     1 ||     6
   Cast: Magic Dart        |    71 |    62 |    25 |    11 |       |       |       |       |       ||   169
         Searing Ray       |     1 |    14 |    11 |     5 |       |       |       |       |       ||    31
         Fulminant Prism   |       |       |    53 |   121 |    80 |       |       |       |       ||   254
         Iskenderun's Myst |       |       |    16 |    57 |    29 |    27 |    17 |     4 |       ||   150
         Irradiate         |       |       |     1 |    27 |    28 |    31 |    10 |     3 |     1 ||   101
         Orb of Destructio |       |       |       |    21 |   165 |    52 |     6 |     1 |     1 ||   246
         Fireball          |       |       |       |     3 |    64 |   257 |     3 |       |       ||   327
         Swiftness         |       |       |       |       |     6 |     1 |       |       |       ||     7
         Ignition          |       |       |       |       |    21 |    61 |    28 |    22 |     9 ||   141
         Freezing Cloud    |       |       |       |       |    33 |     6 |       |       |       ||    39
         Starburst         |       |       |       |       |     1 |       |       |       |       ||     1
         Fire Storm        |       |       |       |       |       |   106 |   321 |   281 |    68 ||   776
         Shatter           |       |       |       |       |       |     1 |       |   132 |    21 ||   154
         Lehudib's Crystal |       |       |       |       |       |       |     7 |     6 |       ||    13
         Borgnjor's Vile C |       |       |       |       |       |       |       |     2 |       ||     2
 Invoke: Channel Magic     |       |       |       |     3 |     3 |     3 |     3 |     6 |     1 ||    19
         Divine Exegesis   |       |       |       |       |     1 |     1 |       |       |       ||     2
  Evoke: Wand              |       |       |       |       |     3 |       |     1 |       |       ||     4
    Use: Scroll            |       |    10 |     7 |    10 |    10 |     6 |     2 |     4 |     1 ||    50
         Potion            |       |       |     1 |     1 |     2 |     3 |       |    13 |       ||    20
 Armour: Robe              |     1 |    14 |    23 |   114 |    98 |   112 |    35 |    46 |    50 ||   493
  Dodge: Dodged            |     4 |    10 |    15 |    90 |   132 |    58 |    21 |    28 |    33 ||   391

Table legend: (Time is in decaauts)
 A = Elapsed time spent in this place.
 B = Non-inter-level travel time spent in this place.
 C = Inter-level travel time spent in this place.
 D = Time resting spent in this place.
 E = Time spent auto-exploring this place.
 F = Levels seen in this place.
 G = Mean time per level.
                   A        B        C        D        E       F      G
               +--------+--------+--------+--------+--------+-----+--------+
         Total |  96603 |  89897 |   6706 |  42525 |  25170 |  49 | 1971.5 |
       Dungeon |  22565 |  20639 |   1926 |   7136 |   8782 |  15 | 1504.3 |
        Temple |    100 |    100 |      0 |     99 |      0 |   1 |  100.0 |
          Lair |  10918 |  10104 |    814 |   4712 |   2923 |   5 | 2183.6 |
         Swamp |   7366 |   6735 |    631 |   3427 |   1795 |   4 | 1841.5 |
     Snake Pit |  10726 |  10027 |    699 |   5296 |   2006 |   4 | 2681.5 |
  Orcish Mines |   2384 |   2261 |    123 |   1173 |    478 |   2 | 1192.0 |
   Elven Halls |   6505 |   6198 |    307 |   2898 |   1320 |   3 | 2168.3 |
        Vaults |  11590 |  10733 |    857 |   5141 |   3027 |   5 | 2318.0 |
         Crypt |   7517 |   7222 |    295 |   3909 |   1503 |   3 | 2505.7 |
        Depths |  12721 |  11867 |    854 |   6807 |   2117 |   4 | 3180.2 |
           Zot |   4205 |   4010 |    195 |   1925 |   1218 |   3 | 1401.7 |
               +--------+--------+--------+--------+--------+-----+--------+

Top non-repeatable levels by time:
Depths:2: 5236 daAuts
 Snake:3: 4180 daAuts
 Crypt:3: 3953 daAuts
Vaults:4: 2732 daAuts
    D:14: 2705 daAuts
   Elf:1: 2705 daAuts
Vaults:3: 2679 daAuts
Vaults:2: 2622 daAuts
  Lair:3: 2596 daAuts
Depths:3: 2587 daAuts
Depths:4: 2572 daAuts
 Swamp:3: 2518 daAuts
   Elf:3: 2486 daAuts
  Lair:1: 2411 daAuts
Vaults:1: 2404 daAuts
